 Dungeon Crawl Stone Soup version 0.29.1-15-g9cfb28693d (webtiles) character file.

Game seed: 14621473179099796307

256 dudediamond6 the Conjurer (level 6, 0/41 HPs)
             Began as a Human Conjurer on Feb 22, 2023.
             Slain by an orc
             ... wielding a +0 whip
              (1 damage)
             ... on level 3 of the Dungeon.
             The game lasted 00:08:46 (4045 turns).

dudediamond6 the Conjurer (Human Conjurer)          Turns: 4045, Time: 00:08:47

Health: 0/41       AC:  3    Str:  7    XL:     6   Next: 39%
Magic:  7/12       EV: 12    Int: 21    God:
Gold:   176        SH:  0    Dex: 11    Spells: 6/13 levels left

rFire   . . .      SeeInvis .   m - +4 quarterstaff (chaos)
rCold   . . .      Faith    .   (shield currently unavailable)
rNeg    . . .      Spirit   .   a - +0 robe
rPois   .          Reflect  .   (no helmet)
rElec   .          Harm     .   n - +0 cloak
rCorr   .          Rampage  .   (no gloves)
Will    .....                   (no boots)
Stlth   ++........              (no amulet)
HPRegen 0.13/turn               (no ring)
MPRegen 0.13/turn               (no ring)

@: no status effects
A: no striking features
a: no special abilities


You were on level 3 of the Dungeon.
You visited 1 branch of the dungeon, and saw 3 of its levels.

You collected 176 gold pieces.

Inventory:

Hand Weapons
 m - a +4 quarterstaff of chaos (weapon)
 o - a +4 dagger
Armour
 a - a +0 robe (worn)
 n - a +0 cloak (worn)
Scrolls
 c - a scroll of amnesia {unknown}
 f - 2 scrolls of magic mapping
 h - 3 scrolls of teleportation
 i - 4 scrolls of immolation
 r - a scroll of poison {unknown}
Potions
 b - a potion of magic
 d - 2 potions of degeneration
 e - 2 potions of curing {unknown}
 g - a potion of brilliance
 j - a potion of ambrosia
 k - a potion of mutation
 l - a potion of attraction
 p - a potion of berserk rage {unknown}
 q - a potion of flight {unknown}


   Skills:
 + Level 1.1 Polearms
 + Level 2.0 Dodging
 + Level 2.5 Stealth
 * Level 4.1 Spellcasting
 * Level 5.4 Conjurations
 * Level 0.2 Hexes


You had 6 spell levels left.
You knew the following spells:

 Your Spells              Type           Power      Damage    Failure   Level
a - Magic Dart            Conj           100%       1d8       1%          1
b - Searing Ray           Conj           54%        2d6       1%          2
c - Fulminant Prism       Conj/Hex       8%         3d7       36%         4

Your spell library contained the following spells:

 Spells                   Type           Power      Damage    Failure   Level
 Dazzling Flash           Conj/Hex       32%        N/A       11%         3
 Conjure Flame            Conj/Fire      15%        6-21      12%         3
 Ensorcelled Hibernation  Hex/Ice        8%         N/A       17%         2
 Mephitic Cloud           Conj/Pois/Air  12%        N/A       17%         3
 Ignite Poison            Fire/Tmut/Pois 4%         N/A       34%         3
 Iskenderun's Mystic Bla  Conj/Tloc      15%        2d5       36%         4
 Sticky Flame             Conj/Fire      15%        2d4       36%         4
 Freezing Cloud           Conj/Ice/Air   6%         6-21      83%         5


Dungeon Overview and Level Annotations

Branches:
Dungeon (3/15)

Altars:

Shops:
D:3 :?((

Annotations:
D:3 1 transporter, billybob123456's ghost, amateur HOMo


Message History

Billybob123456's ghost is moderately damaged.
Billybob123456's ghost hits you but does no damage.
The orc closely misses you. The orc attacks as you move away!
The orc barely misses you. Billybob123456's ghost hits you.
You see here 18 gold pieces.
Billybob123456's ghost attacks as you move away!
Billybob123456's ghost barely misses you.
The orc attacks as you move away! The orc completely misses you.
Billybob123456's ghost whispers, "The ORB doesn't exist."
The orc attacks as you move away! The orc barely misses you.
Billybob123456's ghost attacks as you move away!
Billybob123456's ghost hits you. Billybob123456's ghost misses you.
Billybob123456's ghost attacks as you move away!
Billybob123456's ghost misses you.
You sock billybob123456's ghost! You freeze billybob123456's ghost.
Billybob123456's ghost is heavily damaged.
Billybob123456's ghost hits you. The orc completely misses you.
You barely miss billybob123456's ghost.
Billybob123456's ghost is heavily damaged.
Billybob123456's ghost hits you! The orc barely misses you.
You hit billybob123456's ghost but do no damage.
Billybob123456's ghost is heavily damaged.
Billybob123456's ghost hits you!
* * * LOW HITPOINT WARNING * * *
The orc hits you with a +0 whip.
* * * LOW HITPOINT WARNING * * *
Casting: Searing Ray (safe; 1% risk of failure)
Confirm with . or Enter, or press ? or * to list all spells.
Aiming: Searing Ray (safe; 1% risk of failure)
Press: ? - help, Shift-Dir - straight line, f/p - billybob123456's ghost
Aim: billybob123456's ghost (heavily damaged, 87% to hit)
The searing ray hits billybob123456's ghost but does no damage.
Billybob123456's ghost is heavily damaged. (Press . to maintain the ray.) Billybob123456's ghost hits you!
* * * LOW HITPOINT WARNING * * *
The orc hits you with a +0 whip.
You die...

.#.#.#.#.#.#.#...................
#.#.#.#.#.#.#.......©.......#####
####.#.#.#.#....#########...# #
..#.#.#.#'#.#..##8.$?(.8##..#####
≈....#.....#...#©...)....#....#..
≈≈..###....##..#.........#....#..
≈≈..# #.....#..#.........#....#..
≈≈)## ##.......#Wo..©....#....#..
≈..# #...P...#@........#....#..
..## #P...#..#.........#.......
### #...##..#.........#..#####
##..##..##8.....8##..#
##.##...#########...#
#.##.......©.......#
#.###.............######
#.......................
########################


You could see billybob123456's ghost and an orc.

Vanquished Creatures
  Crazy Yiuf (D:2)
  Jessica (D:3)
  A hound zombie (D:3)
  2 hound skeletons (D:3)
  7 adders
  An adder zombie (D:3)
  A worm (D:2)
  2 dart slugs
  2 orcs (D:3)
  5 endoplasms
  4 giant cockroaches
  9 goblins
  6 hobgoblins
  6 jackals
  6 kobolds
  9 quokkas
  7 ball pythons
  8 bats
  2 frilled lizards (D:1)
  A giant cockroach zombie (D:3)
  2 rats
83 creatures vanquished.

Vanquished Creatures (others)
  2 withered plants (D:3)
2 creatures vanquished.

Grand Total: 85 creatures vanquished

Notes
Turn   | Place    | Note
-------+----------+-------------------------------------------
     0 | D:1      | dudediamond6 the Human Conjurer began the quest for the
                  | Orb.
     0 | D:1      | Reached XP level 1. HP: 13/13 MP: 3/3
   137 | D:1      | Reached XP level 2. HP: 17/19 MP: 1/5
   330 | D:1      | Learned a level 2 spell: Searing Ray
   430 | D:1      | Found a faded altar of an unknown god.
   644 | D:1      | Reached XP level 3. HP: 24/24 MP: 4/6
  1211 | D:2      | Reached XP level 4. HP: 30/30 MP: 3/7
  1327 | D:2      | Reached skill level 5 in Conjurations
  2041 | D:2      | Found a runed translucent door.
  2042 | D:2      | Noticed Crazy Yiuf
  2054 | D:2      | Killed Crazy Yiuf
  2055 | D:2      | Reached skill level 1 in Polearms
  2055 | D:2      | Reached XP level 5. HP: 9/35 MP: 1/9
  2475 | D:3      | Found Nisuch's Magic Scroll Emporium.
  2489 | D:3      | Found Uthrouph's Antique Weapon Shoppe.
  2689 | D:3      | Found Xeorph's Weapon Shoppe.
  2774 | D:3      | Noticed Jessica
  2778 | D:3      | Killed Jessica
  2820 | D:3      | Got Jessica's Meditations on Bewitchment
  3108 | D:3      | Learned a level 4 spell: Fulminant Prism
  3357 | D:3      | Reached XP level 6. HP: 41/41 MP: 8/11
  3381 | D:3      | Found a transporter.
  3388 | D:3      | Noticed billybob123456's ghost (amateur HOMo)
  3425 | D:3      | Found a transporter.
  3462 | D:3      | Found Zouqock's Book Shoppe.
  3657 | D:3      | Found Nazeb's Assorted Antiques.
  4045 | D:3      | HP: 1/41 [billybob123456's ghost (9)]
  4045 | D:3      | Slain by an orc

Illustrated notes

Levels and vault maps discovered:
D:1:      lemuel_arrival_river_ford, layout_basic,
          shapermc_ecumenical_altar_acropolis, chequers_arboretum
D:2:      layout_loops_ring, uniq_crazy_yiuf_cottage
D:3:      minmay_razor_zed, layout_basic, gammafunk_ghost_arena, serial_shops,
          shop, nicolae_lakefront_shop, shop, shop,
          nicolae_shop_temple_entry_statues_fountains, serial_undead,
          serial_undead_b, serial_undead_f, serial_undead_f, serial_undead_c,
          kennysheep_jessica_study

Skill      XL: |  1  2  3  4  5  6 |
---------------+-------------------+-----
Conjurations   | 5 |  5.4
Polearms       | 1 |  1.1
Spellcasting   | 3 4 |  4.1
Dodging        | |  2.0
Stealth        | |  2.5
Hexes          | |  0.2

Action                   |  1- 3 |  4- 6 || total
-------------------------+-------+-------++-------
Melee: Trident           |    12 |     3 ||    15
       Quarterstaff      |       |    24 ||    24
 Cast: Magic Dart        |    44 |   100 ||   144
       Searing Ray       |       |     8 ||     8
  Use: Scroll            |       |     8 ||     8
 Stab: Invisible         |       |     1 ||     1
Armor: Robe              |     9 |     7 ||    16
Dodge: Dodged            |     8 |    36 ||    44
